 Dungeon Crawl Stone Soup version 0.31-a0-986-g5e6e4ef867 (webtiles) character file.

Game seed: 8061467926971068590

228 timneilson the Ruffian (level 6, -3/41 HPs)
             Began as an Octopode Shapeshifter on Nov 12, 2023.
             Slain by an orc wizard
             ... wielding a +0 dagger
              (4 damage)
             ... on level 4 of the Dungeon.
             The game lasted 00:04:31 (2726 turns).

timneilson the Ruffian (Octopode Shapeshifter)      Turns: 2726, Time: 00:04:32

Health: -3/41      AC:  1    Str: 15    XL:     6   Next: 2%
Magic:  8/8        EV: 13    Int: 12    God:
Gold:   85         SH:  0    Dex: 12    Spells: 7/7 levels left

rFire   . .          .
                       - Unarmed
rCold   . . .        (no shield)
rNeg    . . .        (helmet currently unavailable)
rPois   .            (no amulet)
rElec   .            (no ring)
rCorr   .            (no ring)
SInv    .            (no ring)
Will    .....        (no ring)
Stlth   ++           (no ring)
HPRegen 0.26/turn    (no ring)
MPRegen 0.11/turn    (no ring)
                     (no ring)

%: no passive effects
@: confused, beast-form
A: beast (slay +2), almost no armour, amphibious, 8 rings, camouflage 1,
gelatinous body 1, (nimble swimmer 1), tentacles
a: Begin Untransformation


You were on level 4 of the Dungeon.
You were a hulking beast.
You visited 1 branch of the dungeon, and saw 4 of its levels.

You collected 85 gold pieces.

Inventory:

Talismans
 b - a beast talisman
 c - a flux talisman
Scrolls
 f - a scroll of vulnerability
 i - a scroll of brand weapon
 j - a scroll of blinking {unknown}
 k - 2 scrolls of identify
Potions
 a - a potion of lignification
 d - a potion of haste
 e - 2 potions of heal wounds
 g - a potion of cancellation
 h - a potion of mutation
 l - a potion of attraction {unknown}


   Skills:
 * Level 2.7 Fighting
 * Level 3.1 Dodging
 + Level 2.0 Stealth
 * Level 3.8 Unarmed Combat
 + Level 1.4 Spellcasting
 * Level 3.7 Shapeshifting


You had 7 spell levels left.
You didn't know any spells.
Your spell library contained the following spells:

 Spells                   Type           Power      Damage    Failure   Level
 Blink                    Tloc           0%         N/A       41%         2
 Manifold Assault         Tloc           0%         N/A       96%         4


Dungeon Overview and Level Annotations

Branches:
Dungeon (4/15)
 Temple: D:4-7

Altars:
Wu Jian
Yredelemnul
The Shining One

Shops:
D:3 (


Innate Abilities, Weirdness & Mutations

You are a hulking beast.
Your limbs bulge with bestial killing power. (Slay +2)
You cannot wear most types of armour.
You are amphibious.
You can wear up to eight rings at the same time.
Your skin changes colour to match your surroundings (Stealth+).
Your rubbery body absorbs attacks. (AC +1, EV +1)
((You are camouflaged when in or above water. (Stealth+)))
You have tentacles for arms and can constrict up to eight enemies at once.


Message History

You now have 85 gold pieces (gained 11).
Things that are here:
a +0 club; a +0 robe
Found a scroll of identify.
k - 2 scrolls of identify (gained 1) 2 orcs come into view.
Found 3 stones.
The orc shouts!
An orc wizard and an orc come into view.
Found a scroll of identify.
There is an open door here.
The orc wizard shouts!
The orc wizard mumbles some strange words.
The orc wizard flickers and vanishes!
Deactivating autopickup; reactivate with Ctrl-A.
The orc shouts!
You tentacle-slap the orc but do no damage.
Your grab misses the orc. You squeeze the orc!
You kill the orc!
You bludgeon the orc!
You kill the orc!
Something hits you.
There is an open door, spattered with blood here.
Items here: )) [ ††.
You tentacle-slap something.
You hear some strange, mumbled words.
You are confused.
You bump into the rock wall.
Something hits you. The orc hits you with a +0 flail.
You're too confused to move!
Something hits you. The orc closely misses you.
You barely miss something. The orc closely misses you. Something hits you.
You're too confused to move!
The orc hits you with a +0 flail! Something hits you.
You're too confused to move!
The orc barely misses you. Something hits you.
* * * LOW HITPOINT WARNING * * *
You tentacle-slap something but do no damage.
The orc hits you with a +0 flail!
* * * LOW HITPOINT WARNING * * *
Something hits you.
You die...

#..# #.......# #....# ...#
#........ #.#### #.##
##.###### #.# ..## ##'# #.#
...# #...# ###.# !..# .....#
#...# #..# ?.....# ##.###
...####. ......o####...#####
......'........{h............
...####.........##.#...#.####
...# ...$..# #.##.##.# ...#
...(.. #.##... # #### .####
####.... ## #....# .# .....#
.###### #.### ......#


You could see an orc.

Vanquished Creatures
  2 hounds (D:4)
  An orc wizard (D:4)
  4 adders
  3 dart slugs
  11 orcs
  4 ball pythons
  7 endoplasms
  5 giant cockroaches
  12 goblins
  7 hobgoblins
  4 jackals (D:1)
  5 kobolds
  2 quokkas
  6 bats
  6 frilled lizards
  5 rats
84 creatures vanquished.

Notes
Turn   | Place    | Note
-------+----------+-------------------------------------------
     0 | D:1      | timneilson the Octopode Shapeshifter began the quest for
                  | the Orb.
     0 | D:1      | Reached XP level 1. HP: 13/13 MP: 1/1
    74 | D:1      | Reached XP level 2. HP: 14/18 MP: 2/2
   461 | D:1      | Reached XP level 3. HP: 20/23 MP: 3/3
   567 | D:1      | Reached skill level 1 in Stealth
  1166 | D:2      | Reached XP level 4. HP: 29/29 MP: 3/5
  1353 | D:3      | Found Biuwimn's Weapon Emporium.
  1671 | D:3      | Reached skill level 1 in Spellcasting
  1827 | D:3      | Found an ornate altar of the Wu Jian Council.
  2093 | D:4      | Reached XP level 5. HP: 34/34 MP: 6/6
  2364 | D:4      | Found a basalt altar of Yredelemnul.
  2367 | D:4      | Found a glowing golden altar of the Shining One.
  2369 | D:4      | Noticed an angel
  2376 | D:4      | Noticed a profane servitor
  2571 | D:4      | Reached XP level 6. HP: 35/41 MP: 6/8
  2726 | D:4      | HP: 1/41 [orc/+0 flail (10)]
  2726 | D:4      | Slain by an orc wizard

Illustrated notes

Levels and vault maps discovered:
D:1:      minmay_arrival_doors, layout_basic, serial_aquarium,
          aquarium_bridge_long_separate [aquarium_subvault_bridge,
          aquarium_subvault_window, aquarium_subvault_bridge,
          aquarium_subvault_bridge, aquarium_subvault_wall,
          aquarium_subvault_wall], aquarium_window_fake, aquarium_window_fake,
          aquarium_window_2, aquarium_window_corner, aquarium_view_4,
          aquarium_balcony_3b, aquarium_pool_2, minmay_misc_feat_rugged
D:2:      layout_basic, wad_floor_pattern_2, minmay_tripent
D:3:      kennysheep_the_goblin_king, layout_loops_ring,
          nzn_wu_jian_council_hall, serial_shops, shop
D:4:      layout_loops_corners, grunt_temple_overflow_holy_war,
          mainiacjoe_overflow_six_doors_small, serial_aquarium,
          aquarium_bridge_island_small [aquarium_subvault_small_open,
          aquarium_subvault_bridge, aquarium_subvault_balcony,
          aquarium_subvault_window, aquarium_subvault_wall],
          aquarium_window_fake, aquarium_window_1, aquarium_view_2f

Skill      XL: |  1  2  3  4  5 |
---------------+----------------+-----
Stealth        | 1 2 |  2.0
Fighting       | 2 |  2.7
Spellcasting   | 1 |  1.4
Dodging        | 3 |  3.1
Unarmed Combat | |  3.8
Shapeshifting  | |  3.7

Action                     |  1- 3 |  4- 6 || total
---------------------------+-------+-------++-------
  Melee: Unarmed           |    79 |    81 ||   160
         Constrict         |    21 |    23 ||    44
         Tentacles         |    11 |    17 ||    28
         Punch             |     1 |     2 ||     3
    Use: Scroll            |     2 |     7 ||     9
   Stab: Sleeping          |    10 |     7 ||    17
 Armour: Skin              |    30 |    39 ||    69
  Dodge: Dodged            |    47 |    28 ||    75

Table legend: (Time is in decaauts)
 A = Elapsed time spent in this place.
 B = Non-inter-level travel time spent in this place.
 C = Inter-level travel time spent in this place.
 D = Time resting spent in this place.
 E = Time spent auto-exploring this place.
 F = Levels seen in this place.
 G = Mean time per level.
                   A        B        C        D        E       F      G
               +--------+--------+--------+--------+--------+-----+--------+
         Total |   2715 |   2657 |     58 |     23 |   2031 |   4 |  678.8 |
       Dungeon |   2715 |   2657 |     58 |     23 |   2031 |   4 |  678.8 |
               +--------+--------+--------+--------+--------+-----+--------+

Top non-repeatable levels by time:
     D:1: 787 daAuts
     D:3: 777 daAuts
     D:4: 634 daAuts
     D:2: 516 daAuts
